 Dungeon Crawl Stone Soup version 0.25.1-2-g60ff931df9 (webtiles) character file.

Game seed: 11773512005314733271

623 Delamore the Basher (level 7, -1/41 HPs)
             Began as a Gargoyle Fighter on Aug 18, 2020.
             Slain by an ogre
             ... wielding a +0 giant spiked club
              (22 damage)
             ... on level 4 of the Dungeon.
             The game lasted 00:03:16 (3391 turns).

Delamore the Basher (Gargoyle Fighter)              Turns: 3391, Time: 00:03:17

Health: -1/41      AC: 14    Str: 22    XL:     7   Next: 46%
Magic:  7/7        EV:  8    Int:  8    God:
Gold:   183        SH:  9    Dex:  9    Spells: 6/6 levels left

rFire    . . .     SeeInvis .   a - +0 flail
rCold    . . .     Gourm    .   c - +0 kite shield
rNeg     + . .     Faith    .   k - +0 ring mail (curse)
rPois    ∞         Spirit   .   q - +0 helmet
rElec    +         Reflect  .   (no cloak)
rCorr    .         Harm     .   e - +2 pair of gloves
MR       .....                  (no boots)
Stlth    ..........             (no amulet)
HPRegen  0.13/turn              (no ring)
MPRegen  0.10/turn              (no ring)

@: studying Poison Magic
A: negative energy resistance 1, electricity resistance, unbreathing,
petrification resistance, rot immunity, AC +4
a: no special abilities


You were on level 4 of the Dungeon.
You were not hungry.

You visited 1 branch of the dungeon, and saw 4 of its levels.

You collected 183 gold pieces.

Inventory:

Hand Weapons
 a - a +0 flail (weapon)
Missiles
 v - 4 poisoned darts (quivered)
Armour
 b - a +0 scale mail
 c - a +0 kite shield (worn)
 e - a +2 pair of gloves (worn)
 k - a cursed +0 ring mail (worn)
 q - a +0 helmet (worn)
Jewellery
 u - an uncursed ring of fire
Wands
 w - a wand of polymorph (10)
Scrolls
 g - a scroll of immolation {unknown}
 h - a scroll of noise {unknown}
 i - 5 scrolls of teleportation {unknown}
 n - 2 scrolls of remove curse {unknown}
 o - 4 scrolls of identify {unknown}
 t - a scroll of amnesia {unknown}
Potions
 d - 3 potions of might
 l - 2 potions of flight {unknown}
 m - 2 potions of curing {unknown}
 p - 2 potions of brilliance {unknown}
 r - a potion of stabbing {unknown}
 s - a potion of heal wounds {unknown}
 x - a potion of resistance {unknown}
Books
 y - a manual of Poison Magic
Comestibles
 f - 4 rations
 j - 4 chunks of flesh


   Skills:
 - Level 3.2 Fighting
 + Level 8.1 Maces & Flails
 - Level 3.2 Armour
 - Level 3.2 Shields


You had 6 spell levels left.
You didn't know any spells.
Your spell library was empty.

Dungeon Overview and Level Annotations

Branches:
Dungeon (4/15)
 Temple: D:4-7

Altars:
Makhleb


Innate Abilities, Weirdness & Mutations

You are resistant to torment.
Your stone body is resilient. (AC +4)
You are immune to poison.
You resist negative energy. (rN+)
You are resistant to electric shocks. (rElec)
You can survive without breathing.
You are immune to petrification.
You are immune to rotting.


Message History

The orc hits you but does no damage.
The ogre hits you with a +0 giant spiked club!
You are too injured to fight recklessly!
You are too injured to fight recklessly!
You are too injured to fight recklessly!
You are too injured to fight recklessly!
You are too injured to fight recklessly!
You are too injured to fight recklessly!
You are too injured to fight recklessly!
You are too injured to fight recklessly!
You are too injured to fight recklessly!
You are too injured to fight recklessly!
You are too injured to fight recklessly!
You are too injured to fight recklessly!
You are too injured to fight recklessly!
You are too injured to fight recklessly!
You are too injured to fight recklessly!
The ogre hits you with a +0 giant spiked club!!
Ouch! That really hurt!
You die...

#≈##≈≈≈≈≈≈≈##############
#≈≈##≈######..≈#..≈.#.≈.#####
##≈≈###.#.#.#.#..#.#.#.#....###
#.≈'..[.≈...#..≈.#.≈.#..#....#
##≈≈###.#.#.#..#.#.#.#.....####
#≈≈##≈######.#≈.#.≈.#.######
#≈##≈≈≈≈≈≈≈############≈≈≈≈
#≈≈÷≈# .≈≈##≈≈≈≈≈≈≈≈# ≈≈...
####.##.≈##≈≈..@..≈##≈≈..#
#......≈≈≈≈##..O.o≈[≈..#
#.......### ###..#######
#.....### #..# #.....# ###..#
#. #.....#######....#...
#.....................
#.....##....#....#####
#.....#..####)##.#


You could see an ogre and an orc.

Vanquished Creatures
  Sigmund (D:2)
  A sky beast (D:4)
  A bullfrog (D:4)
  A howler monkey (D:4)
  A bullfrog zombie (D:4)
  A hound (D:2)
  A bullfrog skeleton (D:4)
  Jessica (D:1)
  A howler monkey skeleton (D:4)
  3 adders
  3 oozes
  4 worms
  3 dart slugs
  4 leopard geckos
  7 orcs
  A ball python (D:2)
  4 giant cockroaches
  7 goblins
  5 hobgoblins
  10 jackals
  2 quokkas
  6 bats
  6 frilled lizards
  12 kobolds
  5 rats
91 creatures vanquished.

Notes
Turn   | Place    | Note
-------+----------+-------------------------------------------
     0 | D:1      | Delamore the Gargoyle Fighter began the quest for the Orb.
     0 | D:1      | Reached XP level 1. HP: 14/14 MP: 1/1
   172 | D:1      | Reached XP level 2. HP: 17/19 MP: 2/2
   533 | D:1      | Reached skill level 3 in Maces & Flails
   700 | D:1      | Reached XP level 3. HP: 23/23 MP: 3/3
  1064 | D:2      | Noticed Jessica
  1346 | D:1      | Reached skill level 4 in Maces & Flails
  1420 | D:1      | Killed Jessica
  1420 | D:1      | Reached XP level 4. HP: 22/28 MP: 4/4
  1797 | D:2      | Noticed Sigmund
  2015 | D:2      | Killed Sigmund
  2015 | D:2      | Reached skill level 6 in Maces & Flails
  2015 | D:2      | Reached XP level 5. HP: 30/32 MP: 5/5
  2015 | D:2      | Reached XP level 6. HP: 35/37 MP: 6/6
  2130 | D:2      | Found a burning altar of Makhleb.
  2544 | D:3      | Found a faded altar of an unknown god.
  2905 | D:4      | Reached skill level 7 in Maces & Flails
  2953 | D:4      | Reached XP level 7. HP: 13/41 MP: 7/7
  3383 | D:4      | Reached skill level 8 in Maces & Flails
  3391 | D:4      | Slain by an ogre

Illustrated notes

Levels and vault maps discovered:
D:1:      minmay_arrival_cross, layout_basic, hangedman_abyss_or_decor_stabs,
          nrook_mini_vaults
D:2:      layout_rooms, moated_statue, minmay_hedge_maze,
          makhleb_heckhound_becter, uniq_jessica, uniq_sigmund
D:3:      layout_basic, first_ration, chequers_ecumenical_altar_simple_redux
D:4:      layout_rooms, minmay_manual_mullet, uniq_ijyb

Skill      XL: |  1  2  3  4  5  6  7 |
---------------+----------------------+-----
Maces & Flails | 3 4 6 7 8 |  8.1
Fighting       | |  3.2
Armour         | |  3.2
Shields        | |  3.2

Action                   |  1- 3 |  4- 6 |  7- 9 || total
-------------------------+-------+-------+-------++-------
Melee: Flail             |   153 |   200 |    56 ||   409
Throw: Dart              |       |     3 |       ||     3
  Eat: Chunk             |     2 |     5 |     2 ||     9
Armor: Scale mail        |    35 |       |       ||    35
       Ring mail         |    93 |    93 |    13 ||   199
Dodge: Dodged            |    78 |    58 |    14 ||   150
Block: Kite shield       |   109 |   101 |    19 ||   229
